AoeStats
← Tp 上帝 士官候補生

Arabia

510435759Analyzed
3v3 RM · 17h ago on Oct 1, 2026· 20m 34s· 6 players
Game mode
Random Map
Map size
Normal (6 player)
Population
200
Speed
Normal
Resources
Standard
Victory
Conquest
Starting age
Dark Age
Ending age
Imperial Age
RankedLock teamsTeams togetherTeam positionsShared explorationLock speedFull tech treeHidden civsTurbo modeCheats
Victory
Defeat
🇦🇷 Ethiopians · Argentina
1083
+14
1042
+16
🇨🇱 Slavs · Chile
1024
+17
🇯🇵 Persians · Japan
1054
-16
🇮🇩 Shu · Indonesia
1044
-16
🇻🇳 Poles · Vietnam
1017
-15
takoyaki
0:32 Loom
11:04 Feudal Age
11:24 Double-Bit Axe
12:59 Fishing Lines
20:39 Castle Age
20:05 Bloodlines
kyokiroto
10:17 Feudal Age
12:34 Double-Bit Axe
18:09 Horse Collar
Axie
7:45 Loom
10:18 Feudal Age
12:30 Horse Collar
14:47 Fletching
14:58 Padded Archer Armor
15:26 Double-Bit Axe
ponchotazo
10:45 Feudal Age
11:17 Horse Collar
15:42 Double-Bit Axe
16:43 Forging
21:50 Castle Age
19:56 Gold Mining
20:31 Bloodlines
Tp 上帝 士官候補生
4:40 Loom
13:17 Feudal Age
17:14 Castle Age
18:56 Pikeman
20:08 Double-Bit Axe
[TacT] Chinoguidi
8:12 Loom
10:36 Feudal Age
11:18 Double-Bit Axe
13:19 Gold Mining
15:19 Fletching
21:28 Wheelbarrow
23:06 Castle Age
Connection lost

Rejoining the realm…

Still unreachable

The connection could not be restored.

Session expired

The server has moved on; the page needs a fresh start.